 Dungeon Crawl Stone Soup version 0.27-a0-1217-g8a41f320e8 (webtiles) character file.

Game seed: 7673895966595939212

60 polve the Skirmisher (level 3, 0/30 HPs)
             Began as a Demonspawn Abyssal Knight on June 5, 2021.
             Was a Follower of Lugonu.
             Slain by an adder (4 damage)
             ... on level 4 of the Dungeon.
             The game lasted 00:03:39 (2407 turns).

polve the Skirmisher (Demonspawn Abyssal Knight)    Turns: 2407, Time: 00:03:39

Health: 0/30       AC:  4    Str: 13    XL:     3   Next: 82%
Magic:  4/4        EV: 11    Int: 13    God:    Lugonu [*.....]
Gold:   116        SH:  0    Dex: 12    Spells: 2/2 levels left

rFire    + . .     SeeInvis .   c - +0 scimitar
rCold    + . .     Faith    .   (no shield)
rNeg     . . .     Spirit   .   b - +0 leather armour
rPois    +         Reflect  .   (no helmet)
rElec    +         Harm     .   (no cloak)
rCorr    +         Rampage  .   e - +0 pair of gloves
Will     .....                  (no boots)
Stlth    +.........             (no amulet)
HPRegen  0.10/turn              (no ring)
MPRegen  0.09/turn              (no ring)

@: resistant, hasted, very quick
A: spiny 1
a: Renounce Religion, Depart the Abyss


You were on level 4 of the Dungeon.
You worshipped Lugonu.
Lugonu was aware of your devotion.
You visited 1 branch of the dungeon, and saw 4 of its levels.
You visited the Abyss 1 time.

You collected 116 gold pieces.

Inventory:

Hand Weapons
 a - a +1 short sword
 c - a +0 scimitar (weapon)
Armour
 b - a +0 leather armour (worn)
 e - a +0 pair of gloves (worn)
Jewellery
 j - an amulet of guardian spirit
Scrolls
 d - 3 scrolls of amnesia {unknown}
 f - a scroll of enchant armour {unknown}
 g - a scroll of noise {unknown}
 l - a scroll of identify
 m - a scroll of summoning {unknown}
Potions
 h - a potion of heal wounds {unknown}


   Skills:
 + Level 3.7 Fighting
 - Level 3.2 Short Blades
 - Level 1.7 Armour
 - Level 0.8 Dodging
 - Level 2.4 Invocations


You had 2 spell levels left.
You didn't know any spells.
Your spell library contained the following spells:

 Spells                   Type           Power      Damage    Failure   Level
 Beastly Appendage        Tmut           0%         N/A       36%         1
 Foxfire                  Conj/Fire      0%         2x1d4     36%         1
 Magic Dart               Conj           0%         1d3       36%         1
 Shock                    Conj/Air       0%         1d3       36%         1
 Blink                    Tloc           N/A        N/A       52%         2
 Call Imp                 Summ           0%         N/A       52%         2
 Slow                     Hex            0%         N/A       52%         2
 Static Discharge         Conj/Air       0%         N/A       52%         2
 Wereblood                Tmut           0%         N/A       52%         2
 Conjure Flame            Conj/Fire      0%         6-21      75%         3
 Inner Flame              Hex/Fire       0%         N/A       75%         3
 Mephitic Cloud           Conj/Pois/Air  0%         N/A       75%         3
 Spider Form              Tmut/Pois      0%         N/A       75%         3
 Swiftness                Air            0%         N/A       75%         3
 Airstrike                Air            0%         N/A       98%         4
 Ice Form                 Ice/Tmut       0%         N/A       98%         4
 Sticky Flame             Conj/Fire      0%         2d3       98%         4
 Fireball                 Conj/Fire      0%         3d3       100%        5
 Hydra Form               Tmut           0%         N/A       100%        5
 Lightning Bolt           Conj/Air       0%         1d11      100%        5


Dungeon Overview and Level Annotations

Branches:
Dungeon (3/15)

Altars:

Shops:
D:1 (


Innate Abilities, Weirdness & Mutations

You are partially covered in sharp spines.


Message History

You are too injured to fight recklessly!
You are too injured to fight recklessly!
You are too injured to fight recklessly!
You are too injured to fight recklessly!
You are too injured to fight recklessly!
You are too injured to fight recklessly!
You barely miss the orc.
The orc is lightly wounded.
The orc hits you but does no damage. The orc hits you with a +0 flail.
The adder is struck by your spines. The adder bites you.
You are poisoned.
The adder poisons you!
You hit the orc but do no damage.
The orc is lightly wounded.
You feel sick. The orc is struck by your spines.
The orc hits you but does no damage. The adder bites you. The orc misses you.
You barely miss the adder.
The adder is lightly wounded.
You feel sick. The adder bites you.
* * * LOW HITPOINT WARNING * * *
The orc is struck by your spines. The orc closely misses you.
You riposte.
You barely miss the orc.
The orc is heavily wounded.
The orc is struck by your spines.
You kill the orc!
Lugonu accepts your kill. The adder is struck by your spines.
The adder barely misses you.
You riposte.
You hit the adder.
The adder is severely wounded.
The orc is struck by your spines. The orc barely misses you.
You feel sick.
You feel sick.
You feel sick.
You are no longer poisoned.
The adder barely misses you.
It was a potion of resistance.
You feel protected. The adder is struck by your spines.
The adder bites you but does no damage.
You feel yourself speed up. The adder bites you.
You die...

###.###.#..#
#!.^....... #
>......... .#
#..#..#..#..#
#...)))...#
#....#
...?..#o#
..### #S# #@#
#.# #.# ..#
... ####


You could see an adder and an orc.

Vanquished Creatures
  An adder (D:2)
  A worm (D:2)
  A dart slug (D:1)
  3 orcs (D:4)
  7 ball pythons
  4 endoplasms
  A giant cockroach (D:2)
  A goblin (D:3)
  6 hobgoblins
  2 jackals (D:2)
  A quokka (D:3)
  A bat (D:2)
  3 frilled lizards
  6 kobolds
  3 rats
41 creatures vanquished.

Notes
Turn   | Place    | Note
-------+----------+-------------------------------------------
     0 | Abyss:1  | polve the Demonspawn Abyssal Knight began the quest for the
                  | Orb.
     0 | Abyss:1  | Reached XP level 1. HP: 18/18 MP: 2/2
     4 | Abyss:1  | Found a corrupted altar of Lugonu.
    52 | Abyss:1  | Noticed a tentacled starspawn
    58 | Abyss:2  | Found a corrupted altar of Lugonu.
   101 | Abyss:2  | Noticed a starcursed mass
   111 | Abyss:2  | Noticed a reaper
   118 | Abyss:2  | Noticed an air elemental
   120 | D:1      | Escaped the Abyss
   366 | D:1      | Gained mutation: You are partially covered in sharp spines.
                  | [demonic ancestry]
   366 | D:1      | Reached XP level 2. HP: 21/24 MP: 3/3
   455 | D:1      | Found a faded altar of an unknown god.
   489 | D:1      | Found Vanang's Weapon Emporium.
  1396 | D:2      | Reached XP level 3. HP: 27/29 MP: 4/4
  1484 | D:2      | Reached * piety under Lugonu
  2392 | D:3      | You fall into a shaft and drop 1 floor!
  2407 | D:4      | Slain by an adder

Illustrated notes

Levels and vault maps discovered:
D:1:      elethiomel_arrival_infinity_welcomes_careful_drivers, layout_basic,
          serial_shops, nicolae_shop_stone, chequers_ecumenical_altar_simple
D:2:      layout_basic, st_stairs_2
D:3:      layout_basic, grunt_ministairs_14, minmay_box_of_dots
D:4:      layout_loops_ring, grunt_ministairs_12, minmay_close_crescents,
          uniq_ijyb

Skill      XL: |  1  2 |
---------------+-------+-----
Short Blades   | 2 3 |  3.2
Fighting       | |  3.7
Armour         | |  1.7
Dodging        | |  0.8
Invocations    | |  2.4

Action                   || total
-------------------------++-------
Melee: Short sword       ||    20
       Scimitar          ||    64
Invok: Depart the Abyss  ||     1
  Use: Potion            ||     3
       Scroll            ||     1
Armor: Leather armour    ||    14
Dodge: Dodged            ||    51
       Rpst.: Scimitar   ||    13

Table legend: (Time is in decaauts)
 A = Elapsed time spent in this place.
 B = Non-inter-level travel time spent in this place.
 C = Inter-level travel time spent in this place.
 D = Time resting spent in this place.
 E = Time spent auto-exploring this place.
 F = Levels seen in this place.
 G = Mean time per level.
                   A        B        C        D        E       F      G
               +--------+--------+--------+--------+--------+-----+--------+
         Total |   2425 |   2378 |     47 |      0 |   2082 |   6 |  404.2 |
       Dungeon |   2305 |   2258 |     47 |      0 |   2006 |   4 |  576.2 |
         Abyss |    119 |    119 |      0 |      0 |     76 |   2 |   59.5 |
               +--------+--------+--------+--------+--------+-----+--------+

Top non-repeatable levels by time:
     D:1: 1008 daAuts
     D:2: 919 daAuts
     D:3: 361 daAuts
 Abyss:2: 61 daAuts
 Abyss:1: 58 daAuts
     D:4: 16 daAuts
